 Dungeon Crawl Stone Soup version 0.31-a0-691-g409c26aa35 (webtiles) character file.

Game seed: 8751054986387878150

578 Shayle the Changeling (level 7, 0/62 HPs)
             Began as an Ogre Shapeshifter on Sept 6, 2023.
             Succumbed to a killer bee's poison
             ... on level 5 of the Dungeon.
             The game lasted 00:08:25 (3140 turns).

Shayle the Changeling (Ogre Shapeshifter)           Turns: 3140, Time: 00:08:26

Health: 0/62       AC:  3    Str: 19    XL:     7   Next: 35%
Magic:  13/13      EV:  9    Int: 13    God:
Gold:   214        SH:  0    Dex:  8    Spells: 15/15 levels left

rFire   . .          .
                       - Unarmed
rCold   . . .        (no shield)
rNeg    . . .        a - +0 animal skin
rPois   .            (helmet currently unavailable)
rElec   .            (cloak currently unavailable)
rCorr   .            (gloves unavailable)
SInv    .            (boots unavailable)
Will    +....        (no amulet)
Stlth   +            (no ring)
HPRegen 0.30/turn    (no ring)
MPRegen 0.13/turn

%: no passive effects
@: mighty, lethally poisoned (0 -> -2), beast-form, enlightened, flying, hasted,
very quick
A: beast (slay +2), large, unfitting armour, tough skin 1
a: Begin Untransformation


You were on level 5 of the Dungeon.
You were a hulking beast.
You visited 2 branches of the dungeon, and saw 6 of its levels.

You collected 214 gold pieces.

Inventory:

Hand Weapons
 g - a +1 heavy hand axe
Missiles
 k - 4 boomerangs (quivered)
Armour
 a - a +0 animal skin (worn)
Jewellery
 p - a ring of positive energy
Talismans
 c - a beast talisman (active)
 d - a flux talisman
Scrolls
 f - a scroll of identify
 l - a scroll of brand weapon
 m - a scroll of noise
 o - a scroll of fog
Potions
 e - a potion of magic


   Skills:
 - Level 1.3 Fighting
 - Level 1.7 Dodging
 + Level 4.9 Unarmed Combat
 + Level 4.5 Spellcasting
 + Level 5.0 Shapeshifting


You had 15 spell levels left.
You didn't know any spells.
Your spell library contained the following spells:

 Spells                   Type           Power      Damage    Failure   Level
 Cigotuvi's Dreadful Rot  Necr/Pois/Air  4%         N/A       30%         2
 Ignite Poison            Fire/Tmut/Pois 2%         N/A       52%         3
 Freezing Cloud           Conj/Ice/Air   1%         6-21      99%         5


Dungeon Overview and Level Annotations

Branches:
Dungeon (5/15)             Temple (1/1) D:5

Altars:
Elyvilon
Fedhas
Nemelex Xobeh
Okawaru
Ru
Sif Muna
Uskayaw
Vehumet
Wu Jian
Zin
The Shining One

Shops:
D:2 [

Annotations:
D:3 Grinder
D:5 Sigmund


Innate Abilities, Weirdness & Mutations

You are a hulking beast.
Your limbs bulge with bestial killing power. (Slay +2)
You are too large for most types of armour.
You have tough skin. (AC +1)


Message History

The killer bee is almost dead.
You feel sick. The killer bee stings you!
* * * LOW HITPOINT WARNING * * *
You barely miss the killer bee.
The killer bee is almost dead.
You feel sick. The killer bee stings you.
* * * LOW HITPOINT WARNING * * *
You miss the killer bee.
The killer bee is almost dead.
The killer bee misses you.
Okay, then.
You miss the killer bee.
The killer bee is almost dead.
You feel sick. The killer bee stings you.
* * * LOW HITPOINT WARNING * * *
You are lethally poisoned!
The killer bee poisons you!
You hit the killer bee.
You kill the killer bee!
* * * LOW HITPOINT WARNING * * *
You feel sick.
Your Shapeshifting skill increases to level 5!
It was a potion of enlightenment.
You feel very buoyant.
You fly up into the air.
* * * LOW HITPOINT WARNING * * *
You feel sick.
It was a potion of might.
You feel very mighty all of a sudden.
* * * LOW HITPOINT WARNING * * *
You feel sick.
Okay, then.
Okay, then.
* * * LOW HITPOINT WARNING * * *
You feel sick.
* * * LOW HITPOINT WARNING * * *
You feel sick.
* * * LOW HITPOINT WARNING * * *
You feel sick.
You die...

#..#.........###
#.##..⌠...⌠..###
...............#
.####.........#......#
##.##.##.##......#
#....##....######
##.#########
##.##...#####
#.....h.....#
#..##...###.# #. ##.##
# #.# ... #..[ ####


There were no monsters in sight!

Vanquished Creatures
  A phantom (D:5)
  A scorpion (D:4)
  3 killer bees
  2 hounds
  Jessica (D:3)
  An iguana (D:4)
  An orc wizard (D:3)
  9 adders
  A white imp (D:5)
  An ufetubus (D:4)
  3 worms
  5 dart slugs
  4 orcs (D:3)
  9 ball pythons
  4 bats
  3 endoplasms
  2 giant cockroaches
  7 goblins
  3 hobgoblins
  4 jackals (D:3)
  4 kobolds (D:2)
  2 quokkas
  4 frilled lizards
  4 rats
79 creatures vanquished.

Notes
Turn   | Place    | Note
-------+----------+-------------------------------------------
     0 | D:1      | Shayle the Ogre Shapeshifter began the quest for the Orb.
     0 | D:1      | Reached XP level 1. HP: 19/19 MP: 1/1
   188 | D:1      | Reached XP level 2. HP: 27/27 MP: 1/3
   245 | D:1      | Reached skill level 1 in Spellcasting
   389 | D:1      | Reached XP level 3. HP: 33/33 MP: 5/5
   604 | D:2      | Found Xeniuxeh's Armour Emporium.
  1081 | D:2      | Reached XP level 4. HP: 17/41 MP: 5/7
  1583 | D:3      | Reached XP level 5. HP: 45/48 MP: 8/8
  1691 | D:3      | Noticed Jessica
  1696 | D:3      | Killed Jessica
  1702 | D:3      | Reached skill level 4 in Shapeshifting
  1886 | D:3      | Noticed Grinder
  2086 | D:4      | Reached XP level 6. HP: 38/55 MP: 10/10
  2447 | D:5      | Entered Level 5 of the Dungeon
  2548 | D:5      | Noticed Sigmund
  2722 | D:5      | Reached XP level 7. HP: 56/62 MP: 13/13
  2734 | D:5      | Found a staircase to the Ecumenical Temple.
  2765 | Temple   | Entered the Ecumenical Temple
  3134 | D:5      | Reached skill level 5 in Shapeshifting
  3135 | D:5      | HP: 3/62 [poisoned by a killer bee]
  3139 | D:5      | HP: 1/62 [poisoned by a killer bee]
  3140 | D:5      | Succumbed to a killer bee's poison

Illustrated notes

Levels and vault maps discovered:
D:1:      roderic_octagonal_star, layout_rooms
D:2:      layout_basic, serial_shops, nicolae_shop_tiny_real_fake_doors
D:3:      layout_rooms, uniq_grinder, uniq_jessica
D:4:      layout_loops_corners, general_overflow_altar,
          pf_guarded_unrand_woodcutter
D:5:      layout_loops_ring, mainiacjoe_overflow_boulevard,
          mainiacjoe_overflow_concentric_impassable,
          minmay_temple_entry_large_hall, uniq_sigmund, uniq_pikel
Temple:   hellmonk_temple_of_storms

Skill      XL: |  1  2  3  4  5  6  7 |
---------------+----------------------+-----
Spellcasting   | 1 2 3 4 |  4.5
Unarmed Combat | 3 4 |  4.9
Shapeshifting  | 4 5 |  5.0
Fighting       | |  1.3
Dodging        | |  1.7

Action                     |  1- 3 |  4- 6 |  7- 9 || total
---------------------------+-------+-------+-------++-------
  Melee: Unarmed           |    96 |   143 |    37 ||   276
         Punch             |     2 |     1 |       ||     3
  Throw: Boomerang         |       |     8 |       ||     8
    Use: Potion            |       |     5 |     3 ||     8
         Scroll            |       |     5 |       ||     5
 Armour: Animal skin       |    62 |    83 |    29 ||   174
         Skin              |       |     5 |       ||     5
  Dodge: Dodged            |    40 |    64 |    20 ||   124

Table legend: (Time is in decaauts)
 A = Elapsed time spent in this place.
 B = Non-inter-level travel time spent in this place.
 C = Inter-level travel time spent in this place.
 D = Time resting spent in this place.
 E = Time spent auto-exploring this place.
 F = Levels seen in this place.
 G = Mean time per level.
                   A        B        C        D        E       F      G
               +--------+--------+--------+--------+--------+-----+--------+
         Total |   3095 |   3036 |     59 |    587 |   1694 |   6 |  515.8 |
       Dungeon |   3031 |   2972 |     59 |    525 |   1694 |   5 |  606.2 |
        Temple |     63 |     63 |      0 |     62 |      0 |   1 |   63.0 |
               +--------+--------+--------+--------+--------+-----+--------+

Top non-repeatable levels by time:
     D:2: 722 daAuts
     D:4: 710 daAuts
     D:1: 588 daAuts
     D:3: 545 daAuts
     D:5: 464 daAuts
  Temple: 63 daAuts
